 Dungeon Crawl Stone Soup version 0.18.1-50-g88ac8fd (webtiles) character file.

2 ololoev the Firebug (level 1, -3/10 HPs)
             Began as a Deep Elf Fire Elementalist on Oct 26, 2016.
             Slain by a giant gecko (4 damage)
             ... on level 1 of the Dungeon.
             The game lasted 00:00:40 (54 turns).

ololoev the Firebug (Deep Elf Fire Elementalist)      Turns: 54, Time: 00:00:40

Health: -3/10      AC:  2    Str:  5    XL:     1   Next: 25%
Magic:  3/6        EV: 13    Int: 19    God:
Gold:   21         SH:  0    Dex: 15    Spells: 1 memorised, 5 levels left

rFire  . . .     SeeInvis .     d - -1 hunting sling (curse)
rCold  . . .     Gourm    .     a - +0 robe
rNeg   . . .     Faith    .     (no shield)
rPois  .         Spirit   .     (no helmet)
rElec  .         Dismiss  .     (no cloak)
rCorr  .         Reflect  .     (no gloves)
SustAt .         Harm     .     (no boots)
MR     .....                    (no amulet)
Stlth  ++........               (no ring)
                                (no ring)

@: very slightly contaminated, not resistant to hostile enchantments, unstealthy
A: no striking features
a: no special abilities

Inventory:

Hand Weapons
 d - a cursed -1 hunting sling (weapon)
Missiles
 e - 12 stones (quivered)
Armour
 a - a +0 robe (worn)
Scrolls
 f - a scroll of identify {unknown}
Potions
 g - a potion of heal wounds {unknown}
Books
 b - a book of Flames

   Spells                             Type                      Level
   a - Flame Tongue                   Conjuration/Fire             1
   b - Throw Flame                    Conjuration/Fire             2
   c - Conjure Flame                  Conjuration/Fire             3
   d - Inner Flame                    Hexes/Fire                   3
   e - Sticky Flame                   Conjuration/Fire             4
   f - Fireball                       Conjuration/Fire             5
Comestibles
 c - a bread ration


   Skills:
 - Level 2.4 Dodging
 - Level 2.4 Stealth
 + Level 3.0 Spellcasting
 + Level 1.1 Conjurations
 + Level 3.4 Fire Magic


You had 5 spell levels left.
You knew the following spells:

 Your Spells              Type           Power        Failure   Level  Hunger
a - Flame Tongue          Conj/Fire      ##...        8%          1    None


You were on level 1 of the Dungeon.
You were not hungry.

You visited 1 branch of the dungeon, and saw 1 of its levels.

You collected 21 gold pieces.

.(. . ... . ..# ##.
#.# # #.. #.#
..##..##.######.#.#
.......lgr.........
....[..#@...###.#
#..l.......#)#
#.......#.###.#.#
..........###.#.##
l................#
.................#
...#..#..........#
.#...##..........#
%...###.........#

Notes
Turn   | Place    | Note
--------------------------------------------------------------
     0 | D:1      | ololoev the Deep Elf Fire Elementalist began the quest for the Orb.
     0 | D:1      | Reached XP level 1. HP: 10/10 MP: 6/6
    54 | D:1      | Slain by a giant gecko

Dungeon Overview and Level Annotations

Branches:
Dungeon (1/15)

Altars:


Message History

The flame tongue misses the hobgoblin.
The hobgoblin closely misses you.
Casting: Flame Tongue
Confirm with . or Enter, or press ? or * to list all spells.
Aiming: Flame Tongue
Press: ? - help, Shift-Dir - straight line, f/p - hobgoblin
Aim: a hobgoblin (almost dead)
The flame tongue hits the hobgoblin.
You kill the hobgoblin!
Found 15 stones.
A goblin comes into view. It is wielding a club.
Found 11 gold pieces.
The goblin shouts!
Found a scroll labeled WUZOHO GABAINA.
You see here a hunting sling.
Casting: Flame Tongue
Confirm with . or Enter, or press ? or * to list all spells.
Aiming: Flame Tongue
Press: ? - help, Shift-Dir - straight line, f - goblin
Aim: a goblin, wielding a club The flame tongue hits the goblin.
You kill the goblin!
d - a hunting sling Wield which item (- for none, * to show all)? (? for menu, Esc to quit)
It sticks to your hand!
d - a cursed -1 hunting sling (weapon)
Unknown command.
You see here 15 stones.
e - 15 stones
f - a scroll labeled WUZOHO GABAINA
Found 10 gold pieces.
Found a spear.
You now have 11 gold pieces.
Found a grey potion.
You now have 21 gold pieces (gained 10).
Found a robe.
g - a grey potion A hobgoblin comes into view.
A giant newt and a rat come into view.
The hobgoblin shouts!
The hobgoblin moves out of view.
The rat moves out of view.
Found a bread ration.
Firing (i - inventory):
e - 15 stones (quivered)
Press: ? - help, Shift-Dir - straight line, f - hobgoblin
Aim: a hobgoblin You shoot a stone.
The stone hits the hobgoblin.
The hobgoblin is heavily wounded.
Firing (i - inventory):
e - 14 stones (quivered)
Press: ? - help, Shift-Dir - straight line, f/p - hobgoblin
Aim: a hobgoblin (heavily wounded)
You shoot a stone. The stone closely misses the hobgoblin.
Firing (i - inventory):
e - 13 stones (quivered)
Press: ? - help, Shift-Dir - straight line, f/p - hobgoblin
Aim: a hobgoblin (moderately wounded)
You shoot a stone. The stone barely misses the hobgoblin.
The stone closely misses the rat.
The hobgoblin hits you.
Casting: Flame Tongue
Confirm with . or Enter, or press ? or * to list all spells.
Aiming: Flame Tongue
Press: ? - help, Shift-Dir - straight line, f/p - hobgoblin
Aim: a hobgoblin (moderately wounded)
The flame tongue misses the hobgoblin.
The flame tongue misses the rat.
The hobgoblin barely misses you.
A giant gecko comes into view.
Casting: Flame Tongue
Confirm with . or Enter, or press ? or * to list all spells.
Aiming: Flame Tongue
Press: ? - help, Shift-Dir - straight line, f/p - hobgoblin
Aim: a hobgoblin (moderately wounded)
You miscast Flame Tongue.
You are very lightly contaminated with residual magic.
Nothing appears to happen.
The hobgoblin hits you.
Ouch! That really hurt!
Casting: Flame Tongue
Confirm with . or Enter, or press ? or * to list all spells.
Aiming: Flame Tongue
Press: ? - help, Shift-Dir - straight line, f/p - hobgoblin
Aim: a hobgoblin (moderately wounded)
The flame tongue misses the hobgoblin.
The hobgoblin hits you. The giant gecko bites you.
You die...

You could see a giant gecko, a hobgoblin, a giant newt and a rat.

Vanquished Creatures
  A hobgoblin (D:1)
  A goblin (D:1)
2 creatures vanquished.

Action                   || total
-------------------------++-------
 Fire: Hunting sling     ||     3
 Cast: Flame Tongue      ||     6
Dodge: Dodged            ||     2

Vault maps used:
D:1:      dpeg_arrival_tiny_f
